 Dungeon Crawl Stone Soup version bcrawl-1.21.3 (webtiles) character file.

Game seed: 3379474251609190892

120692 Flugslaktarn the Severer (level 16, -26/107 HPs)
             Began as a Skeleton Archaeologist on Mar 28, 2020.
             Was an Initiate of Gozag.
             Blown up by an orb spider (49 damage)
             ... with an orb of destruction
             ... on level 1 of the Spider Nest.
             The game lasted 00:16:06 (21145 turns).

Flugslaktarn the Severer (Skeleton Archaeologist)  Turns: 21145, Time: 00:16:07

Health: -26/107    AC: 33    Str: 23      XL:     16   Next: 0%
Magic:  0/28       EV: 15    Int: 14 (15) God:    Gozag
Gold:   4179       SH:  0    Dex: 17      Spells: 15/15 levels left

rFire    + . .     SeeInvis .   f - +9 battleaxe (flame)
rCold    + . .     Gourm    .   (shield currently unavailable)
rNeg     + + +     Faith    .   i - +10 plate armour {ponderous}
rPois    ∞         Spirit   +   c - +1 hat
rElec    +         Reflect  .   n - +0 cloak
rCorr    .         Harm     .   d - +0 pair of gloves of Perfidy {rF+ Dex+2} (curse)
MR       ++...                  k - +1 pair of boots "Potus" {*Contam Regen+ Dex+8 Stlth+}
Stlth    +.........             e - amulet of magic regeneration
HPRegen  0.67/turn              m - ring of magical power
MPRegen  0.46/turn              g - ring of insulation

@: gold aura, slow
A: no food or potions, cold resistance 1, deterioration 1, negative energy
resistance 3, powered by death 2, torment resistance, unbreathing, magic shield,
sturdy frame 2, spell healing
}: 1/15 runes: decaying
a: Potion Petition, Call Merchant, Bribe Branch, Renounce Religion


You were on level 1 of the Spider Nest.
You worshipped Gozag.
Gozag was most pleased with you.
You were not hungry.

You visited 4 branches of the dungeon, and saw 19 of its levels.

You collected 5585 gold pieces.
You spent 666 gold pieces at shops.
You paid 740 gold pieces to Gozag.

Inventory:

Hand Weapons
 f - a +9 battleaxe of flaming (weapon)
   (You acquired it on level 3 of the Dungeon)
 o - the +11 war axe "Killer Bee's Foe" {drain, Dex+2}
   (You found it on level 1 of the Lair of Beasts)

   A truly terrible weapon, it drains the life of those it strikes.
   It affects your dexterity (+2).
Missiles
 p - 3 throwing nets (quivered) {!f}
Armour
 c - a +1 hat (worn)
 d - the cursed +0 pair of gloves of Perfidy (worn) {rF+ Dex+2}
   (You found it on level 6 of the Lair of Beasts)

   It affects your dexterity (+2).
   It protects you from fire.
   It has a curse placed upon it.
 i - a +10 plate armour of ponderousness (worn)
   (You bought it in a shop on level 6 of the Lair of Beasts)
 k - the +1 pair of boots "Potus" (worn) {*Contam Regen+ Dex+8 Stlth+}
   (You acquired it on level 6 of the Lair of Beasts)

   It affects your dexterity (+8).
   It causes magical contamination when unequipped.
   It increases your rate of regeneration.
   It makes you more stealthy.
 n - a +0 cloak (worn)
   (You found it on level 5 of the Dungeon)
 q - a +0 medium shield
   (You took it off Harold on level 2 of the Lair of Beasts)
 B - the +1 robe "Povy" {rElec Regen+ Str-3 Dex+4}
   (You found it on level 3 of the Swamp)

   It affects your strength (-3).
   It affects your dexterity (+4).
   It insulates you from electricity.
   It increases your rate of regeneration.
Jewellery
 e - an amulet of magic regeneration (around neck)
   (You found it on level 4 of the Dungeon)
 g - a ring of insulation (right hand)
   (You found it on level 1 of the Swamp)
 m - a ring of magical power (left hand)
   (You found it on level 9 of the Dungeon)
 v - a +1 ring of evasion
   (You found it on level 2 of the Lair of Beasts)
 A - a +3 ring of protection
   (You found it on level 3 of the Swamp)
Wands
 a - a wand of paralysis (12)
   (You found it on level 4 of the Dungeon)
Scrolls
 b - a scroll of torment
 h - 4 scrolls of magic mapping
 j - 3 scrolls of fog
 l - 5 scrolls of immolation
 s - 2 scrolls of enchant weapon
 t - 3 scrolls of teleportation
 w - a scroll of summoning
 x - 4 scrolls of remove curse
 y - a scroll of fear
 z - a scroll of blinking
 C - 2 scrolls of amnesia
Miscellaneous
 u - a lamp of fire
   (You found it on level 3 of the Lair of Beasts)


   Skills:
 + Level 14.8 Fighting
 + Level 19.5 Axes
   Level 1.5(13.3) Maces & Flails
 + Level 14.8 Armour
 + Level 9.9 Dodging
 - Level 3.6 Stealth
 - Level 4.1 Evocations


You had 15 spell levels left.
You didn't know any spells.
Your spell library was empty.

Dungeon Overview and Level Annotations

Branches:
Dungeon (9/12)             Temple (0/1) D:7            Lair (6/6) D:9
  Swamp (3/3) Lair:4       Spider (1/3) Lair:3        Slime (0/5) Lair:6
    Orc: D:8-11

Altars:
Cheibriados
Fedhas
Gozag
Kikubaaqudgha
Lugonu
Qazlal
Ru
Trog
Uskayaw
Vehumet
Wu Jian
Zin
The Shining One
Jiyva

Shops:
D:6 *   D:8 !   Lair:6 [

Annotations:
D:3 Grinder
D:6 exclusions: 2 goblins and oklob plant
Lair:1 exclusion: oklob plant


Innate Abilities, Weirdness & Mutations

You do not eat or drink.
You are immune to poison.
Your flesh is cold resistant. (rC+)
Your body sometimes deteriorates upon taking damage.
You are immune to negative energy. (rN+++)
You regenerate health from kills.
You are immune to unholy pain and torment.
You can survive without breathing.
When hurt, damage is shared between your health and your magic reserves.
Your movements are less encumbered by armour. (ER -4)
Casting spells heals you.


Message History

Evoke which item? (* to show all) (? for menu, Esc to quit)
Aiming: Paralyse
Press: ? - help, Shift-Dir - straight line, f - orb spider
Aim: an orb spider (fully charged, chance to defeat MR: 40%)
The orb spider suddenly stops moving!
Evoke which item? (* to show all) (? for menu, Esc to quit)
Aiming: Paralyse
Press: ? - help, Shift-Dir - straight line, f - orb spider, p - orb spider
Aim: an orb spider (heavily wounded, chance to defeat MR: 40%)
The orb spider resists with some effort.
The orb spider pulsates with a strange energy.
The orb spider weaves a glowing orb of energy.
An orb of destruction comes into view.
Evoke which item? (* to show all) (? for menu, Esc to quit)
Aiming: Paralyse
Press: ? - help, Shift-Dir - straight line, f/p - orb spider
Aim: an orb spider (heavily wounded, fully charged, chance to defeat MR: 40%)
The orb spider resists with some effort.
The orb of destruction hits you!!!
You die...

#............$....^##
..................## $
.................###
.......#.....°..s..#
.>.....s.....°......
........^...°......(
.####.$$....°.......
###.......☼.s......
#..........@.......
##...........$......
#......$$.....$.....
.#......$...........!
.......$.##..........
.....................
##$.......^..........
##....................
......#..........$......


You could see 3 orb spiders.

Vanquished Creatures
  Nikola (Swamp:2)
  Kirke (Swamp:2)
  Aizul (Swamp:2)
  A very ugly thing (Swamp:1)
  A spark wasp (Spider:1)
  A fire dragon (D:9)
  3 ice dragons (Swamp:3)
  Harold (Lair:2)
  14 hydras
  A ghost crab (Swamp:3)
  4 catoblepae
  A centaur warrior (D:9)
  2 shambling mangroves (Swamp:3)
  A two-headed ogre (D:9)
  8 death yaks (Lair:6)
  7 alligators
  Sonja (Lair:1)
  An unseen horror (D:9)
  2 swamp dragons
  A flayed ghost (D:9)
  A cyclops (D:8)
  Pikel (D:6)
  6 orb spiders (Spider:1)
  6 wolf spiders
  An ugly thing (D:9)
  26 elephants
  3 manticores (Lair:6)
  7 black mambas
  18 cane toads
  6 torpor snails
  4 freezing wraiths (Swamp:3)
  4 demonic crawlers (Spider:1)
  4 komodo dragons
  3 rime drakes
  2 trolls
  11 jumping spiders
  4 slime creatures
  14 hornets
  6 tyrant leeches
  5 dream sheep (Lair:6)
  7 hippogriffs
  22 blink frogs
  5 bog bodies
  16 tarantellas (Spider:1)
  Sigmund (D:5)
  7 spriggans
  23 redbacks
  2 wyverns
  28 yaks
  A wraith (D:9)
  4 hogs
  2 basilisks
  8 vampire mosquitoes
  A steam dragon (Lair:2)
  Menkaure (D:5)
  3 swamp worm simulacra (Swamp:3)
  13 swamp worms
  13 crocodiles
  5 insubstantial wisps (Swamp:1)
  15 hydra simulacra (Swamp:3)
  3 orc warriors
  11 porcupines
  6 water moccasins
  2 swamp drakes
  A slave (D:6)
  A black bear (D:9)
  5 ice beasts
  A phantom (D:4)
  A sky beast (D:5)
  10 wolves
  An ogre (D:4)
  2 necrophages
  A centaur (D:5)
  Blork the orc (D:6)
  9 bullfrogs
  A gnoll sergeant (D:6)
  Dowan (D:6)
  3 scorpions
  7 wights (D:7)
  2 electric eels
  2 howler monkeys
  7 crimson imps
  7 hounds
  2 quasits (D:5)
  4 jellies (Lair:6)
  2 orc priests
  5 orc wizards
  4 centaur skeletons
  2 iguanas (D:4)
  Ijyb (D:5)
  7 worker ants
  3 hell rats (Lair:4)
  A killer bee zombie (D:7)
  A hound zombie (D:5)
  A hound skeleton (D:9)
  17 adders
  7 gnolls
  7 river rats (Lair:4)
  2 shadow imps
  3 oozes
  5 swamp drake simulacra (Swamp:3)
  An adder skeleton (D:4)
  3 worms
  A dart slug (D:2)
  9 leopard geckos
  18 orcs
  8 giant cockroaches
  3 goblins
  5 hobgoblins
  9 jackals
  5 quokkas
  3 frilled lizards
  A jackal zombie (D:7)
  5 kobolds
  A quokka skeleton (D:5)
  8 rats
  2 fungi
  2 plants
605 creatures vanquished.

Vanquished Creatures (others)
  2 cane toads (Swamp:3)
  A swamp worm (Swamp:3)
  Duvessa (D:6)
  A swamp drake (Swamp:3)
  A slave (D:6)
  An orc (D:6)
  7 fungi
  12 plants
26 creatures vanquished.

Grand Total: 631 creatures vanquished

Notes
Turn   | Place    | Note
-------+----------+-------------------------------------------
     0 | D:1      | Flugslaktarn the Skeleton Archaeologist began the quest for
                  | the Orb.
     0 | D:1      | Reached XP level 1. HP: 12/12 MP: 1/1
   613 | D:1      | Reached XP level 2. HP: 16/16 MP: 2/2
   957 | D:2      | Reached skill level 1 in Axes
   957 | D:2      | Reached skill level 1 in Armour
  1248 | D:2      | Found an ancient bone altar of Kikubaaqudgha.
  1438 | D:2      | Reached XP level 3. HP: 19/21 MP: 3/3
  1498 | D:2      | Found a bloodstained altar of Trog.
  1649 | D:3      | Noticed Grinder
  1929 | D:3      | Reached skill level 2 in Axes
  2018 | D:3      | Reached XP level 4. HP: 20/27 MP: 2/4
  2530 | D:4      | Noticed an ogre
  3035 | D:4      | Reached skill level 3 in Axes
  3074 | D:4      | Reached XP level 5. HP: 9/32 MP: 2/5
  3074 | D:4      | Identified a scroll of acquirement
  3355 | D:4      | Noticed a phantom
  3364 | D:4      | Reached skill level 4 in Axes
  3364 | D:4      | Gained mutation: You regenerate a little health from kills.
                  | [Skeleton growth]
  3364 | D:4      | Reached XP level 6. HP: 38/38 MP: 6/6
  3640 | D:4      | Reached skill level 5 in Axes
  3693 | D:4      | Reached XP level 7. HP: 44/44 MP: 7/7
  3897 | D:4      | HP: 1/44 [orc priest/divine providence (9)]
  4305 | D:4      | Reached skill level 5 in Fighting
  4476 | D:4      | Reached skill level 6 in Axes
  4605 | D:5      | Entered Level 5 of the Dungeon
  4610 | D:5      | Found a sacrificial altar of Ru.
  4695 | D:5      | Found a radiant altar of Vehumet.
  4906 | D:5      | Reached XP level 8. HP: 51/51 MP: 8/8
  5110 | D:5      | Found a blossoming altar of Fedhas.
  5152 | D:5      | Noticed Sigmund
  5164 | D:5      | Killed Sigmund
  5164 | D:5      | Reached skill level 7 in Axes
  5310 | D:5      | Noticed Menkaure
  5321 | D:5      | Killed Menkaure
  5321 | D:5      | Reached skill level 1 in Evocations
  5327 | D:5      | Reached skill level 5 in Armour
  5386 | D:5      | Noticed Ijyb
  5537 | D:5      | Killed Ijyb
  5563 | D:5      | Reached skill level 8 in Axes
  5717 | D:6      | Noticed Pikel
  5723 | D:6      | Killed Pikel
  5723 | D:6      | Reached XP level 9. HP: 57/57 MP: 10/10
  5824 | D:6      | Killed Duvessa
  5925 | D:6      | Noticed Dowan
  5930 | D:6      | Killed Dowan
  6064 | D:6      | Found a blossoming altar of Fedhas.
  6083 | D:6      | Noticed an oklob plant
  6152 | D:6      | Found Hinot's Assorted Antiques.
  6160 | D:6      | Bought a scroll of fog for 44 gold pieces
  6197 | D:6      | Noticed Blork the orc
  6247 | D:6      | Killed Blork the orc
  6481 | D:6      | Bought a scroll labeled TIOMIEK EM UDD for 22 gold pieces
  6551 | D:6      | Found a hide-covered altar of Uskayaw.
  6555 | D:6      | Found a corrupted altar of Lugonu.
  6561 | D:6      | Found an ornate altar of the Wu Jian Council.
  6676 | D:6      | Found an opulent altar of Gozag.
  6684 | D:6      | Became a worshipper of Gozag Ym Sagoz the Greedy
  6927 | D:7      | Found a staircase to the Ecumenical Temple.
  6943 | D:7      | Reached skill level 9 in Axes
  7842 | D:8      | Noticed a troll
  7848 | D:8      | Killed a troll
  7848 | D:8      | Reached skill level 10 in Axes
  7963 | D:8      | Gained mutation: Your movements are less encumbered by
                  | armour. (ER -4) [Skeleton growth]
  7963 | D:8      | Reached XP level 10. HP: 65/65 MP: 12/12
  8005 | D:8      | Found a glowing golden altar of the Shining One.
  8008 | D:8      | Found a glowing silver altar of Zin.
  8011 | D:8      | Found a stormy altar of Qazlal.
  8077 | D:8      | Found Ririutu's Distillery.
  8192 | D:8      | Noticed a cyclops
  8207 | D:8      | Killed a cyclops
  8504 | D:9      | Noticed a two-headed ogre
  8510 | D:9      | Killed a two-headed ogre
  8510 | D:9      | Reached skill level 11 in Axes
  8808 | D:9      | Found a staircase to the Lair.
  8863 | D:9      | Noticed a five-headed hydra
  8872 | D:9      | Killed a one-headed hydra
  8974 | D:9      | Reached skill level 12 in Axes
  9000 | D:9      | Killed an unseen horror
  9000 | D:9      | Reached XP level 11. HP: 62/72 MP: 11/14
  9165 | D:9      | Noticed a fire dragon
  9165 | D:9      | Noticed a four-headed hydra
  9165 | D:9      | Noticed a flayed ghost
  9165 | D:9      | Noticed a brown ugly thing
  9173 | D:9      | Killed a one-headed hydra
  9178 | D:9      | Reached skill level 5 in Dodging
  9193 | D:9      | Killed a fire dragon
  9193 | D:9      | Reached skill level 10 in Fighting
  9201 | D:9      | Killed a flayed ghost
  9265 | D:9      | Killed a brown ugly thing
  9729 | D:9      | Reached skill level 13 in Axes
  9766 | D:9      | Noticed a centaur warrior
  9776 | D:9      | Killed a centaur warrior
 10151 | Lair:1   | Entered Level 1 of the Lair of Beasts
 10187 | Lair:1   | Got a transparent war axe
 10188 | Lair:1   | Identified the +11 war axe "Killer Bee's Foe" {drain,
                  | Dex+2} (You found it on level 1 of the Lair of Beasts)
 10408 | Lair:1   | Noticed a four-headed hydra
 10418 | Lair:1   | Killed a one-headed hydra
 10418 | Lair:1   | Reached XP level 12. HP: 64/79 MP: 15/15
 10420 | Lair:1   | Reached skill level 14 in Axes
 10860 | Lair:1   | Noticed Sonja
 10876 | Lair:1   | Killed Sonja
 10924 | Lair:1   | Found a snail-covered altar of Cheibriados.
 11119 | Lair:1   | Reached skill level 10 in Armour
 11540 | Lair:2   | Noticed Harold
 11549 | Lair:2   | Killed Harold
 11663 | Lair:2   | Reached skill level 15 in Axes
 11706 | Lair:2   | Got an encrusted flail
 13132 | Lair:3   | Reached XP level 13. HP: 79/85 MP: 16/16
 13169 | Lair:3   | Reached skill level 16 in Axes
 13947 | Lair:3   | Found a hole to the Spider Nest.
 14595 | Lair:4   | Found a staircase to the Swamp.
 15069 | Lair:5   | Reached skill level 17 in Axes
 16098 | Lair:6   | Entered Level 6 of the Lair of Beasts
 16206 | Lair:6   | Found a viscous altar of Jiyva.
 16215 | Lair:6   | Found a staircase to the Slime Pits.
 16298 | Lair:6   | Reached XP level 14. HP: 76/92 MP: 17/17
 16386 | Lair:6   | Found a viscous altar of Jiyva.
 16477 | Lair:6   | Identified the +1 pair of boots "Potus" {*Contam Regen+
                  | Dex+8 Stlth+} (You acquired it on level 6 of the Lair of
                  | Beasts)
 16477 | Lair:6   | Identified the ring of Usetsi {Ice rPois Int+4 Dex-3} (You
                  | acquired it on level 6 of the Lair of Beasts)
 16716 | Lair:6   | Found a glowing golden altar of the Shining One.
 16768 | Lair:6   | Reached skill level 18 in Axes
 17172 | Lair:6   | Got a pair of dazzling gloves
 17187 | Lair:6   | Identified the cursed +0 pair of gloves of Perfidy {rF+
                  | Dex+2} (You found it on level 6 of the Lair of Beasts)
 17393 | Lair:6   | Bought a +10 plate armour of ponderousness for 600 gold
                  | pieces
 17521 | Swamp:1  | Entered Level 1 of the Swamp
 17665 | Swamp:1  | Noticed a green very ugly thing
 17673 | Swamp:1  | Killed a green very ugly thing
 18433 | Swamp:2  | Reached XP level 15. HP: 90/100 MP: 18/18
 18559 | Swamp:2  | Noticed Aizul
 18574 | Swamp:2  | Noticed Nikola
 18591 | Swamp:2  | Noticed Kirke
 18603 | Swamp:3  | Entered Level 3 of the Swamp
 18712 | Swamp:2  | Killed Kirke
 18799 | Swamp:2  | Found a radiant altar of Vehumet.
 18911 | Swamp:2  | Killed Aizul
 19080 | Swamp:2  | Killed Nikola
 19604 | Swamp:3  | Reached skill level 19 in Axes
 20129 | Swamp:3  | Got an opalescent robe
 20653 | Swamp:3  | Identified the +1 robe "Povy" {rElec Regen+ Str-3 Dex+4}
                  | (You found it on level 3 of the Swamp)
 20653 | Swamp:3  | Got a decaying rune of Zot
 20929 | Spider:1 | Entered Level 1 of the Spider Nest
 21137 | Spider:1 | Gained mutation: You regenerate health from kills.
                  | [Skeleton growth]
 21137 | Spider:1 | Reached XP level 16. HP: 30/107 MP: 8/19
 21145 | Spider:1 | Blown up by an orb spider

Skill      XL: |  1  2  3  4  5  6  7  8  9 10 11 12 13 14 15 |
---------------+----------------------------------------------+-----
Axes           | 1 2 3 4 5 6 8 10 12 13 15 17 18 19 | 19.5
Armour         | 1 2 3 4 5 6 8 9 11 12 13 14 | 14.8
Fighting       | 2 3 4 5 7 8 9 10 11 12 13 14 | 14.8
Evocations     | 2 3 4 |  4.1
Dodging        | 4 6 8 9 |  9.9
Maces & Flails | |  1.5
Stealth        | |  3.6

Action                   |  1- 3 |  4- 6 |  7- 9 | 10-12 | 13-15 | 16-18 || total
-------------------------+-------+-------+-------+-------+-------+-------++-------
Melee: Whip              |    17 |       |       |       |       |       ||    17
       Hand axe          |   129 |   145 |       |       |       |       ||   274
       Battleaxe         |       |    48 |   267 |   356 |   973 |       ||  1644
Invok: Potion Petition   |       |       |       |     1 |     1 |       ||     2
       Call Merchant     |       |       |       |       |     1 |       ||     1
Evoke: Wand              |       |     1 |     2 |     6 |     1 |     3 ||    13
       Lamp of fire      |       |       |       |       |     1 |       ||     1
  Use: Scroll            |       |     3 |     8 |     3 |     8 |       ||    22
 Stab: Paralysed         |       |       |     4 |     5 |       |       ||     9
       Distracted        |       |       |       |     3 |     9 |       ||    12
       Petrified         |       |       |       |       |     9 |       ||     9
       Confused          |       |       |       |       |     1 |       ||     1
       Petrifying        |       |       |       |       |     1 |       ||     1
Armor: Plate armour      |   111 |   189 |   262 |   277 |   667 |       ||  1506
       Robe              |     1 |       |       |       |       |       ||     1
Dodge: Dodged            |    50 |    73 |   141 |   153 |   520 |       ||   937
